BLB
HARTFORD WHALERS @ BALTIMORE BULLDOGS
05/12/2060
 
TOP OF THE 1ST
Hartford Whalers batting - Pitching for Baltimore Bulldogs : RHP Oliver Lanham
Pitching: RHP Oliver Lanham
Batting: LHB Gene Grimes 0-0: Called Strike
0-1: Ball
1-1: Single, Error in OF, E7, batter to second base (Line Drive, 56, EV 98.8 MPH)
Batting: RHB Zyaire Semijenov 0-0: Ball
1-0: Ground out 6-3 (Groundball, 6, EV 80.6 MPH)
Gene Grimes to third
Batting: SHB JaQawn Schiegl 0-0: Called Strike
0-1: Swinging Strike
0-2: Strikes out swinging
Batting: LHB Amric Robinson 0-0: Called Strike
0-1: Called Strike
0-2: Reached via error on a dropped throw from 1B, E1 (Groundball, 34S, EV 66.2 MPH)
Gene Grimes scores
Batting: LHB Ian Schreiber 0-0: Ball
1-0: Fly out, F9 (Flyball, 9, EV 91.2 MPH)
Top of the 1st over - 1 run, 1 hit, 2 errors, 1 left on base; Hartford 1 - Baltimore 0
BOTTOM OF THE 1ST
Baltimore Bulldogs batting - Pitching for Hartford Whalers : LHP James Sisson
Pitching: LHP James Sisson
Batting: RHB James Hylton 0-0: Foul Ball, location: 2F
0-1: Called Strike
0-2: Strikes out looking
Batting: RHB Joseph Olsen 0-0: Swinging Strike
0-1: Fly out, F7 (Flyball, 7LS, EV 83.8 MPH)
Batting: SHB Ulisses Schnopp 0-0: Foul Ball, location: 2F
0-1: Fly out, F8 (Line Drive, 8RD, EV 102.5 MPH)
Bottom of the 1st over - 0 runs, 0 hits, 0 errors, 0 left on base; Hartford 1 - Baltimore 0
TOP OF THE 2ND
Hartford Whalers batting - Pitching for Baltimore Bulldogs : RHP Oliver Lanham
Batting: RHB Wyatt McKenney 0-0: Ball
1-0: Ball
2-0: Called Strike
2-1: Foul Ball, location: 2F
2-2: Strikes out swinging
Batting: LHB Houston Yap 0-0: Foul Ball, location: 2F
0-1: Called Strike
0-2: Strikes out swinging
Batting: RHB Reilly Wren 0-0: Called Strike
0-1: Ball
1-1: Ball
2-1: Foul Ball, location: 2F
2-2: Foul Ball, location: 2F
2-2: Ground out U3 (Groundball, 3S, EV 72.5 MPH)
Top of the 2nd over - 0 runs, 0 hits, 0 errors, 0 left on base; Hartford 1 - Baltimore 0
BOTTOM OF THE 2ND
Baltimore Bulldogs batting - Pitching for Hartford Whalers : LHP James Sisson
Batting: RHB Damian Youngs 0-0: Swinging Strike
0-1: Ball
1-1: SOLO HOME RUN (Flyball, 78XD, EV 106.9 MPH), Distance : 394 ft
Batting: SHB Val Schmit 0-0: Called Strike
0-1: Ball
1-1: Swinging Strike
1-2: Ball
2-2: Ball
3-2: Foul Ball, location: 2F
3-2: DOUBLE (Flyball, 89XD, EV 113.1 MPH)
Batting: LHB Owen Keimig 0-0: Called Strike
0-1: Ball
1-1: Ball
2-1: Ground out U3 (Groundball, 3, EV 85.6 MPH)
Val Schmit to third
Batting: RHB Stephen Cuff 0-0: Swinging Strike
0-1: Ground out 4-3 (Groundball, 4, EV 103.8 MPH)
Val Schmit scores
Batting: RHB Neil Shoemaker 0-0: Foul Ball, location: 2F
0-1: SOLO HOME RUN (Flyball, 7D, EV 97.5 MPH), Distance : 372 ft
Batting: LHB Justin Castiglioni 0-0: SINGLE (Groundball, 25, EV 75.6 MPH) (infield hit)
Batting: RHB James Hylton 0-0: Ball
1-0: Called Strike
Justin Castiglioni steals 2nd base
1-1: Fly out, F7 (Flyball, 78D, EV 97.5 MPH)
Bottom of the 2nd over - 3 runs, 4 hits, 0 errors, 1 left on base; Hartford 1 - Baltimore 3
TOP OF THE 3RD
Hartford Whalers batting - Pitching for Baltimore Bulldogs : RHP Oliver Lanham
Batting: RHB Abel Kazaz 0-0: Foul Ball, location: 2F
0-1: Foul Ball, location: 2F
0-2: Ground out 4-3 (Groundball, 4S, EV 79.4 MPH)
Batting: LHB Gene Grimes 0-0: Called Strike
0-1: Hit by Pitch
Batting: RHB Zyaire Semijenov 0-0: Fielders Choice at 2nd, 5-4 (Groundball, 5, EV 83.8 MPH)
Batting: SHB JaQawn Schiegl 0-0: Foul Ball, location: 2F
0-1: Called Strike
0-2: Ball
1-2: SINGLE (Line Drive, 8RS, EV 103.8 MPH)
Zyaire Semijenov to second
Batting: LHB Amric Robinson 0-0: Ball
1-0: Ball
2-0: Ball
3-0: Called Strike
3-1: Swinging Strike
3-2: Strikes out swinging
Top of the 3rd over - 0 runs, 1 hit, 0 errors, 2 left on base; Hartford 1 - Baltimore 3
BOTTOM OF THE 3RD
Baltimore Bulldogs batting - Pitching for Hartford Whalers : LHP James Sisson
Batting: RHB Joseph Olsen 0-0: Foul Ball, location: 2F
0-1: Ball
1-1: Foul Ball, location: 2F
1-2: Ground out 1-3 (Groundball, 15, EV 71.9 MPH)
Batting: SHB Ulisses Schnopp 0-0: Called Strike
0-1: Foul Ball, location: 2F
0-2: Ball
1-2: Ball
2-2: Ball
3-2: Strikes out swinging
Batting: RHB Damian Youngs 0-0: Fly out, F8 (Flyball, 8RM, EV 91.2 MPH)
Bottom of the 3rd over - 0 runs, 0 hits, 0 errors, 0 left on base; Hartford 1 - Baltimore 3
TOP OF THE 4TH
Hartford Whalers batting - Pitching for Baltimore Bulldogs : RHP Oliver Lanham
Batting: LHB Ian Schreiber 0-0: DOUBLE (Line Drive, 78XD, EV 106.9 MPH)
Batting: RHB Wyatt McKenney 0-0: Ball
1-0: Called Strike
1-1: Swinging Strike
1-2: Ball
2-2: Strikes out swinging
Batting: LHB Houston Yap 0-0: Swinging Strike
0-1: Foul Ball, location: 2F
0-2: Ball
1-2: Ball
2-2: Ball
3-2: Strikes out swinging
Batting: RHB Reilly Wren 0-0: Ball
1-0: Ball
2-0: Ball
3-0: Called Strike
3-1: Called Strike
3-2: SINGLE (Line Drive, 7S, EV 89.4 MPH)
Ian Schreiber to third
Runner from 3rd tries for Home, SAFE, throw by LF to home
Batting: RHB Abel Kazaz 0-0: Ball
1-0: Foul Ball, location: 2F
1-1: Called Strike
1-2: Ball
2-2: Strikes out swinging
Top of the 4th over - 1 run, 2 hits, 0 errors, 1 left on base; Hartford 2 - Baltimore 3
BOTTOM OF THE 4TH
Baltimore Bulldogs batting - Pitching for Hartford Whalers : LHP James Sisson
Batting: SHB Val Schmit 0-0: Called Strike
0-1: Swinging Strike
0-2: Ball
1-2: Ball
2-2: Foul Ball, location: 2F
2-2: Foul Ball, location: 2F
2-2: Ball
3-2: Ground out 6-3 (Groundball, 56, EV 78.8 MPH)
Batting: LHB Owen Keimig 0-0: Ball
1-0: Foul Ball, location: 2F
1-1: Ground out U3 (Groundball, 3L, EV 78.8 MPH)
Batting: RHB Stephen Cuff 0-0: DOUBLE (Line Drive, 9LM, EV 91.9 MPH)
Batting: RHB Neil Shoemaker 0-0: Ball
1-0: Foul Ball, location: 2F
1-1: Called Strike
1-2: Foul Ball, location: 2F
1-2: Ball
2-2: Foul Ball, location: 2F
2-2: Strikes out looking
Bottom of the 4th over - 0 runs, 1 hit, 0 errors, 1 left on base; Hartford 2 - Baltimore 3
TOP OF THE 5TH
Hartford Whalers batting - Pitching for Baltimore Bulldogs : RHP Oliver Lanham
Batting: LHB Gene Grimes 0-0: Ball
1-0: Ground out 4-3 (Groundball, 4, EV 86.9 MPH)
Batting: RHB Zyaire Semijenov 0-0: SINGLE (Groundball, 56D, EV 98.1 MPH)
Pitching: LHP Riley Hein
Batting: SHB JaQawn Schiegl 0-0: Called Strike
0-1: Foul Ball, location: 2F
0-2: Foul Ball, location: 2F
0-2: Foul Ball, location: 2F
0-2: Strikes out swinging
Batting: LHB Amric Robinson 0-0: Ball
1-0: Ball
2-0: Ball
3-0: Called Strike
3-1: Base on Balls
Zyaire Semijenov to second
Batting: LHB Ian Schreiber 0-0: Called Strike
0-1: Ball
1-1: Fly out, F6 (Popup, 6D, EV 48.1 MPH)
Top of the 5th over - 0 runs, 1 hit, 0 errors, 2 left on base; Hartford 2 - Baltimore 3
BOTTOM OF THE 5TH
Baltimore Bulldogs batting - Pitching for Hartford Whalers : LHP James Sisson
Batting: LHB Justin Castiglioni 0-0: Ball
1-0: Ball
2-0: Ball
3-0: Called Strike
3-1: Foul Ball, location: 2F
3-2: Ground out 4-3 (Groundball, 4S, EV 65.6 MPH)
Batting: RHB James Hylton 0-0: Ball
1-0: Foul Ball, location: 2F
1-1: Swinging Strike
1-2: Ball
2-2: Strikes out looking
Batting: RHB Joseph Olsen 0-0: Ground out 4-3 (Groundball, 4, EV 81.9 MPH)
Bottom of the 5th over - 0 runs, 0 hits, 0 errors, 0 left on base; Hartford 2 - Baltimore 3
TOP OF THE 6TH
Hartford Whalers batting - Pitching for Baltimore Bulldogs : LHP Riley Hein
Batting: RHB Wyatt McKenney 0-0: Ball
1-0: Ball
2-0: Foul Ball, location: 2F
2-1: Ball
3-1: SINGLE (Groundball, 6D, EV 95.6 MPH)
Batting: LHB Houston Yap 0-0: SINGLE (Groundball, 4MD, EV 98.8 MPH)
Wyatt McKenney to second
Batting: RHB Reilly Wren 0-0: Ball
1-0: Foul Ball, location: 2F
1-1: Sac Bunt to P - play at first, batter OUT! 1-4
Wyatt McKenney to third
Houston Yap to second
Batting: RHB Abel Kazaz 0-0: Ball
1-0: Called Strike
1-1: DOUBLE (Line Drive, 7LM, EV 115.0 MPH)
Wyatt McKenney scores
Houston Yap scores
Batting: LHB Gene Grimes 0-0: Ball
1-0: Swinging Strike
1-1: Swinging Strike
1-2: Strikes out swinging
Batting: RHB Zyaire Semijenov 0-0: Intentional Walk
Batting: SHB JaQawn Schiegl 0-0: Called Strike
0-1: Ball
1-1: Ground out 6-3 (Groundball, 6S, EV 76.9 MPH)
Top of the 6th over - 2 runs, 3 hits, 0 errors, 2 left on base; Hartford 4 - Baltimore 3
BOTTOM OF THE 6TH
Baltimore Bulldogs batting - Pitching for Hartford Whalers : LHP James Sisson
Batting: SHB Ulisses Schnopp 0-0: Ground out 6-3 (Groundball, 6S, EV 87.5 MPH)
Batting: RHB Damian Youngs 0-0: Called Strike
0-1: Foul Ball, location: 2F
0-2: Ball
1-2: Ball
2-2: Foul Ball, location: 2F
2-2: Foul Ball, location: 2F
2-2: Ball
3-2: Ground out 6-3 (Groundball, 6, EV 95.0 MPH)
Batting: SHB Val Schmit 0-0: Ground out 6-3 (Groundball, 6, EV 83.8 MPH)
Bottom of the 6th over - 0 runs, 0 hits, 0 errors, 0 left on base; Hartford 4 - Baltimore 3
TOP OF THE 7TH
Hartford Whalers batting - Pitching for Baltimore Bulldogs : LHP Riley Hein
Batting: LHB Amric Robinson 0-0: Foul Ball, location: 2F
0-1: Ball
1-1: Fly out, F4 (Popup, 23, EV 80.0 MPH)
Batting: LHB Ian Schreiber 0-0: Ball
1-0: SINGLE (Groundball, 3D, EV 94.4 MPH)
Batting: RHB Wyatt McKenney 0-0: Ball
1-0: Called Strike
1-1: Swinging Strike
1-2: Strikes out looking
Batting: LHB Houston Yap 0-0: Fly out, F8 (Flyball, 8LD, EV 104.4 MPH)
Top of the 7th over - 0 runs, 1 hit, 0 errors, 1 left on base; Hartford 4 - Baltimore 3
BOTTOM OF THE 7TH
Baltimore Bulldogs batting - Pitching for Hartford Whalers : LHP James Sisson
Batting: LHB Owen Keimig 0-0: Ball
1-0: SINGLE (Line Drive, 4MD, EV 98.1 MPH)
Batting: RHB Stephen Cuff 0-0: Sac Bunt to 13S - play at first, batter safe!
Owen Keimig to second
Batting: RHB Neil Shoemaker 0-0: Called Strike
0-1: SINGLE (Groundball, 34D, EV 108.1 MPH)
Owen Keimig to third
Stephen Cuff to second
Pinch Hitting: RHB Kyle Dodiry 0-0: DOUBLE (Flyball, 5D, EV 95.0 MPH)
Owen Keimig scores
Stephen Cuff scores
Neil Shoemaker to third
Runner from 3rd tries for Home, SAFE, throw by LF to home
Pitching: RHP Blake Yost
Batting: RHB James Hylton 0-0: Sac Bunt to 13S - play at first, batter OUT! 1-3
Kyle Dodiry to third
Batting: RHB Joseph Olsen 0-0: Ground out 5-3 (Groundball, 5S, EV 71.2 MPH)
Batting: SHB Ulisses Schnopp 0-0: Ball
1-0: Called Strike
1-1: Called Strike
1-2: Strikes out swinging
Bottom of the 7th over - 3 runs, 4 hits, 0 errors, 1 left on base; Hartford 4 - Baltimore 6
TOP OF THE 8TH
Hartford Whalers batting - Pitching for Baltimore Bulldogs : LHP Riley Hein
Now in LF: Andy Wulfeck
Now in RF: Ulisses Schnopp
Batting: RHB Reilly Wren 0-0: Ball
1-0: Swinging Strike
1-1: Fly out, F8 (Line Drive, 8RS, EV 91.9 MPH)
Batting: RHB Abel Kazaz 0-0: Ball
1-0: Ground out 6-3 (Groundball, 6, EV 82.5 MPH)
Batting: LHB Gene Grimes 0-0: Called Strike
0-1: Ball
1-1: Swinging Strike
1-2: Foul Ball, location: 2F
1-2: Ground out U3 (Groundball, 3, EV 110.0 MPH)
Top of the 8th over - 0 runs, 0 hits, 0 errors, 0 left on base; Hartford 4 - Baltimore 6
BOTTOM OF THE 8TH
Baltimore Bulldogs batting - Pitching for Hartford Whalers : RHP Blake Yost
Batting: RHB Damian Youngs 0-0: Foul Ball, location: 2F
0-1: Foul Ball, location: 2F
0-2: SOLO HOME RUN (Flyball, 7D, EV 96.9 MPH), Distance : 392 ft
Batting: SHB Val Schmit 0-0: Ball
1-0: Called Strike
1-1: Foul Ball, location: 2F
1-2: SOLO HOME RUN (Flyball, 9D, EV 104.4 MPH), Distance : 415 ft
Batting: LHB Owen Keimig 0-0: Ball
1-0: Ball
2-0: DOUBLE (Line Drive, 9LS, EV 111.9 MPH)
Batting: RHB Stephen Cuff 0-0: Called Strike
0-1: Fly out, F8 (Flyball, 78M, EV 83.1 MPH)
Batting: RHB Neil Shoemaker 0-0: Ball
1-0: Called Strike
1-1: Ball
2-1: Ball
3-1: Fly out, F5 (Popup, 56S, EV 80.0 MPH)
Batting: LHB Andy Wulfeck 0-0: Ball
1-0: Foul Ball, location: 2F
1-1: Called Strike
1-2: Ball
2-2: Ground out 6-3 (Groundball, 4MS, EV 85.0 MPH)
Bottom of the 8th over - 2 runs, 3 hits, 0 errors, 1 left on base; Hartford 4 - Baltimore 8
TOP OF THE 9TH
Hartford Whalers batting - Pitching for Baltimore Bulldogs : LHP Riley Hein
Pitching: LHP Carl Vertullo
Now at 1B: Cole Watson
Now at 2B: Peter Clothier
Batting: RHB Zyaire Semijenov 0-0: DOUBLE (Flyball, 89D, EV 107.5 MPH)
Batting: SHB JaQawn Schiegl 0-0: DOUBLE (Line Drive, 9LS, EV 108.8 MPH)
Zyaire Semijenov scores
Pitching: LHP Levi Backman
Batting: LHB Amric Robinson 0-0: Ball
1-0: Fly out, F8 (Line Drive, 78M, EV 94.4 MPH)
Batting: LHB Ian Schreiber 0-0: SINGLE (Line Drive, 6D, EV 94.4 MPH)
JaQawn Schiegl to third
Batting: RHB Wyatt McKenney 0-0: Ball
1-0: Ball
2-0: Foul Ball, location: 2F
2-1: Swinging Strike
2-2: Ball
3-2: 3-RUN HOME RUN (Flyball, 7LD, EV 91.9 MPH), Distance : 350 ft
Pinch Hitting: RHB Seth Floyd 0-0: Ball
1-0: Swinging Strike
1-1: Foul Ball, location: 2F
1-2: Strikes out swinging
Batting: RHB Reilly Wren 0-0: Ball
1-0: Foul Ball, location: 2F
1-1: Foul Ball, location: 2F
1-2: Strikes out looking
Top of the 9th over - 4 runs, 4 hits, 0 errors, 0 left on base; Hartford 8 - Baltimore 8
BOTTOM OF THE 9TH
Baltimore Bulldogs batting - Pitching for Hartford Whalers : RHP Blake Yost
Pitching: RHP Jamal Brown
Now in LF: Dalton Winger
Batting: RHB James Hylton 0-0: Ball
1-0: Foul Ball, location: 2F
1-1: SINGLE (Groundball, 5S, EV 65.0 MPH) (infield hit)
Batting: RHB Joseph Olsen 0-0: Foul Ball, location: 2F
0-1: Ball
1-1: Ball
2-1: Ball
3-1: Foul Ball, location: 2F
3-2: Strikes out swinging
James Hylton steals 2nd base
Batter strikes out.
Batting: SHB Ulisses Schnopp 0-0: Foul Ball, location: 2F
0-1: Called Strike
0-2: Ball
1-2: Strikes out swinging
Batting: SHB Cole Watson 0-0: Ball
1-0: Ground out 6-3 (Groundball, 6, EV 109.4 MPH)
Bottom of the 9th over - 0 runs, 1 hit, 0 errors, 1 left on base; Hartford 8 - Baltimore 8
TOP OF THE 10TH
Hartford Whalers batting - Pitching for Baltimore Bulldogs : LHP Levi Backman
Batting: RHB Abel Kazaz 0-0: Called Strike
0-1: Swinging Strike
0-2: Ball
1-2: Fly out, F8 (Flyball, 78S, EV 95.6 MPH)
Batting: LHB Gene Grimes 0-0: Swinging Strike
0-1: Ball
1-1: Called Strike
1-2: Ball
2-2: SINGLE (Line Drive, 4D, EV 96.9 MPH)
Pitching: RHP Brian Roberts
Batting: RHB Zyaire Semijenov 0-0: Ball
1-0: Called Strike
1-1: Grounds into double play, 6-4-3 (Groundball, 6, EV 91.2 MPH)
Top of the 10th over - 0 runs, 1 hit, 0 errors, 0 left on base; Hartford 8 - Baltimore 8
BOTTOM OF THE 10TH
Baltimore Bulldogs batting - Pitching for Hartford Whalers : RHP Jamal Brown
Batting: SHB Val Schmit 0-0: Called Strike
0-1: Ball
1-1: Fly out, F7 (Line Drive, 7S, EV 99.4 MPH)
Batting: LHB Peter Clothier 0-0: Ball
1-0: Called Strike
1-1: SINGLE (Line Drive, 6MD, EV 96.2 MPH)
Batting: RHB Stephen Cuff 0-0: Swinging Strike
0-1: Ball
1-1: Ball
2-1: Ball
3-1: Called Strike
3-2: Base on Balls
Peter Clothier to second
Batting: RHB Neil Shoemaker 0-0: SINGLE (Line Drive, 7S, EV 98.8 MPH)
Peter Clothier to third
Stephen Cuff to second
Batting: LHB Andy Wulfeck 0-0: Grounds into fielders choice 4-2 (Groundball, 4, EV 85.6 MPH)
Stephen Cuff to third
Neil Shoemaker to second
Batting: RHB James Hylton 0-0: Ground out 5-3 (Groundball, 15, EV 80.0 MPH)
Bottom of the 10th over - 0 runs, 2 hits, 0 errors, 3 left on base; Hartford 8 - Baltimore 8
TOP OF THE 11TH
Hartford Whalers batting - Pitching for Baltimore Bulldogs : RHP Brian Roberts
Batting: SHB JaQawn Schiegl 0-0: Called Strike
0-1: Foul Ball, location: 2F
0-2: Ball
1-2: Ball
2-2: Fly out, F8 (Flyball, 8RXD, EV 103.1 MPH)
Batting: LHB Amric Robinson 0-0: SOLO HOME RUN (Flyball, 9D, EV 98.8 MPH), Distance : 392 ft
Batting: LHB Ian Schreiber 0-0: Ball
1-0: Called Strike
1-1: Ball
2-1: Swinging Strike
2-2: Foul Ball, location: 2F
2-2: Strikes out swinging
Batting: RHB Wyatt McKenney 0-0: Ball
1-0: Called Strike
1-1: Called Strike
1-2: Strikes out looking
Top of the 11th over - 1 run, 1 hit, 0 errors, 0 left on base; Hartford 9 - Baltimore 8
BOTTOM OF THE 11TH
Baltimore Bulldogs batting - Pitching for Hartford Whalers : RHP Jamal Brown
Pitching: RHP Miles Valdez
Batting: RHB Joseph Olsen 0-0: Ball
1-0: Ball
2-0: SINGLE (Groundball, 56, EV 98.8 MPH)
Batting: SHB Ulisses Schnopp 0-0: Foul Ball, location: 2F
0-1: Swinging Strike
0-2: Strikes out swinging
Batting: SHB Cole Watson 0-0: Ball
1-0: Foul Ball, location: 2F
1-1: Grounds into double play, 4-6-3 (Groundball, 34S, EV 85.6 MPH)
Bottom of the 11th over - 0 runs, 1 hit, 0 errors, 0 left on base; Hartford 9 - Baltimore 8
Monday, April 29th , 2024 - OOTP Baseball 23.10 Build 110